 Dungeon Crawl Stone Soup version 0.30-a0-1075-gcd70e7a56d (webtiles) character file.

Game seed: 354277368754948079

26811 NinjaNoafa the Destroyer (level 13, 0/102 HPs)
             Began as a Purple Draconian Conjurer on Apr 14, 2023.
             Was a High Priest of Vehumet.
             Slain by a wyvern (2 damage)
             ... while petrified by a basilisk
             ... on level 2 of the Lair of Beasts.
             The game lasted 00:37:49 (12448 turns).

NinjaNoafa the Destroyer (DrCj)                    Turns: 12448, Time: 00:37:50

Health: 0/102      AC: 16    Str: 10    XL:     13   Next: 1%
Magic:  25/29      EV:  2    Int: 23    God:    Vehumet [*****.]
Gold:   919        SH:  0    Dex: 13    Spells: 5/36 levels left

rFire   . . .      SeeInvis +    H - +8 mace of Glory {flame, +Blink Dex+3}
rCold   . . .      Faith    .    F - orb {light}
rNeg    + + +      Spirit   .    (body armour unavailable)
rPois   ∞          Reflect  .    p - +2 hat {SInv}
rElec   .          Rampage  .    (no cloak)
rCorr   .                        S - +2 pair of gloves
Will    +....                    k - +2 pair of boots
Stlth   +                        G - amulet of magic regeneration
HPRegen 0.37/turn                h - ring of wizardry
MPRegen 0.61/turn                t - +5 ring of evasion

@: petrified, glowing
A: breathe power, AC +8, unfitting armour, cold-blooded
a: Breathe Dispelling Energy, Renounce Religion, Evoke Blink


You were on level 2 of the Lair of Beasts.
You worshipped Vehumet.
Vehumet was extremely pleased with you.
You visited 3 branches of the dungeon, and saw 19 of its levels.
You also visited: Ossuary.

You collected 1009 gold pieces.
You spent 90 gold pieces at shops.

Inventory:

Hand Weapons
 H - the +8 mace of Glory (weapon) {flame, +Blink Dex+3}
   (You found it on level 5 of the Dungeon)

   Dex:       It affects your dexterity (+3).
   +Blink:    It lets you blink.
Missiles
 c - 16 poisoned darts
 D - 8 boomerangs
 K - 2 throwing nets
 N - 2 curare-tipped darts
Armour
 k - a +2 pair of boots (worn)
 p - a +2 hat of see invisible (worn)
 F - an orb of light (worn)
 S - a +2 pair of gloves (worn)
Jewellery
 h - a ring of wizardry (left hand)
 q - a ring of poison resistance
 t - a +5 ring of evasion (right hand)
 v - a ring of protection from fire
 G - an amulet of magic regeneration (around neck)
Wands
 x - a wand of mindburst (13)
 M - a wand of paralysis (5)
 O - a wand of digging (3)
 R - a wand of iceblast (3)
Scrolls
 a - 3 scrolls of immolation
 b - 2 scrolls of fear
 d - 3 scrolls of vulnerability
 e - 2 scrolls of amnesia
 f - a scroll of noise
 g - 3 scrolls of poison
 j - a scroll of enchant weapon
 l - 2 scrolls of magic mapping
 m - a scroll of summoning {unknown}
 s - 2 scrolls of fog
 w - a scroll of brand weapon {unknown}
 y - 2 scrolls of acquirement {unknown}
 B - a scroll of teleportation
 E - a scroll of torment {unknown}
 P - a scroll of blinking {unknown}
Potions
 i - 5 potions of might
 n - 3 potions of brilliance
 o - 6 potions of curing
 r - a potion of attraction
 u - 2 potions of lignification {unknown}
 z - a potion of ambrosia {unknown}
 A - 2 potions of invisibility
 I - 4 potions of mutation {unknown}
 J - 2 potions of cancellation {unknown}
 L - 3 potions of flight {unknown}
 Q - 2 potions of resistance {unknown}


   Skills:
 + Level 6.0 Fighting
 + Level 6.0 Dodging
 - Level 1.7 Stealth
 + Level 12.0 Spellcasting
 + Level 12.9 Conjurations
 - Level 6.0 Hexes
 + Level 7.8 Summonings
 - Level 6.0 Translocations
 - Level 6.0 Evocations


You had 5 spell levels left.
You knew the following spells:

 Your Spells              Type           Power      Damage    Failure   Level
a - Magic Dart            Conj           100%       1d8       0%          1
b - Searing Ray           Conj           100%       2d8       1%          2
c - Iskenderun's Mystic   Conj/Tloc      55%        2d12      1%          4
d - Dazzling Flash        Conj/Hex       100%       N/A       1%          3
e - Summon Guardian Gole  Hex/Summ       45%        N/A       1%          3
f - Fulminant Prism       Conj/Hex       27%        3d14      1%          4
g - Orb of Destruction    Conj           32%        9d10      2%          7
h - Spellforged Servitor  Conj/Summ      29%        N/A       6%          7

Your spell library contained the following spells:

 Spells                   Type           Power      Damage    Failure   Level
 Irradiate                Conj/Tmut      21%        3d18      1%          5
 Slow                     Hex            100%       N/A       1%          1
 Call Imp                 Summ           100%       N/A       1%          2
 Confusing Touch          Hex            41%        N/A       1%          3
 Cause Fear               Hex            20%        N/A       1%          4
 Anguish                  Hex/Necr       13%        N/A       5%          4
 Vampiric Draining        Necr           13%        2d6       6%          3
 Metabolic Englaciation   Hex/Ice        13%        N/A       16%         5
 Petrify                  Tmut/Erth      13%        N/A       17%         4
 Enfeeble                 Hex            20%        N/A       75%         7
 Statue Form              Tmut/Erth      8%         N/A       93%         6


Dungeon Overview and Level Annotations

Branches:
Dungeon (15/15)            Temple (1/1) D:6            Lair (3/5) D:8
    Orc (0/2) D:9          Vaults (0/5) D:14        Ossuary (visited)
  Swamp: Lair:2-3    Shoals: Lair:2-3     Snake: Lair:2-3    Spider: Lair:2-3
 Depths: D:15

Altars:
Ashenzari
Cheibriados
Dithmenos
Elyvilon
Fedhas
Gozag
Hepliaklqana
Kikubaaqudgha
Makhleb
Nemelex Xobeh
Okawaru
Qazlal
Ru
Sif Muna
Trog
Uskayaw
Vehumet
Wu Jian
Xom
Yredelemnul
Zin
The Shining One

Shops:
D:3 [   D:11 [   D:12 (

Annotations:
D:13 Jorgrun, Rupert
D:14 Nessos
D:15 Azrael


Innate Abilities, Weirdness & Mutations

You can breathe bolts of dispelling energy.
Your rich purple scales are hard. (AC +8)
You cannot fit into any form of body armour.
You are cold-blooded and may be slowed by cold attacks.


Message History

The elephant is engulfed in blazing flames.
The elephant tramples you!
* * * LOW HITPOINT WARNING * * *
You hold your ground!
The elephant trunk-slaps you but does no damage.
The basilisk gazes at you. You resist with almost no effort.
The basilisk bites you.
* * * LOW HITPOINT WARNING * * *
The elephant is engulfed in blazing flames.
The elephant tramples you.
You hold your ground!
The elephant trunk-slaps you but does no damage.
The basilisk bites you but does no damage.
The wyvern hisses menacingly.
The elephant is engulfed in blazing flames.
The elephant dies!
Vehumet accepts your kill. The basilisk bites you!
* * * LOW HITPOINT WARNING * * *
You have reached level 13!
The basilisk is engulfed in blazing flames.
The basilisk bites you.
* * * LOW HITPOINT WARNING * * *
The basilisk gazes at you. You resist with almost no effort.
The wyvern is engulfed in blazing flames.
The wyvern bites you but does no damage.
The basilisk is engulfed in blazing flames.
The basilisk bites you!
* * * LOW HITPOINT WARNING * * *
The basilisk gazes at you. You resist with almost no effort.
The wyvern is engulfed in blazing flames.
The wyvern bites you but does no damage.
The basilisk is engulfed in blazing flames.
The basilisk gazes at you. You resist with almost no effort.
The basilisk bites you but does no damage.
The wyvern is engulfed in blazing flames.
The wyvern bites you.
You die...

#..+.....
#........
#.##..#.#
##.#P.##.#
#....?....
#§.○......
##.°......
##ll......
#.@l......
##.###..##
#.. ..#
..## P.#
P.# ..
#..# ##.#
#.#


You could see 2 basilisks and a wyvern.

Vanquished Creatures
  Gastronok (Lair:1)
  Nergalle (Lair:1)
  2 cyclopes
  Joseph (Lair:1)
  A cane toad (Lair:1)
  A gargoyle (D:11)
  An unseen horror (D:12)
  A kobold demonologist (D:13)
  A rime drake (Lair:1)
  A komodo dragon (Lair:2)
  4 trolls
  Prince Ribbit (D:6)
  Grinder (D:6)
  5 blink frogs
  3 wyverns
  7 slime creatures
  Eustachio (D:4)
  2 shadows
  A fire elemental (D:13)
  2 wraiths (Ossuary)
  14 yaks
  A basilisk (Lair:1)
  2 acid dragons
  11 water moccasins
  A hell hound (D:15)
  An ice beast (D:5)
  A sky beast (D:4)
  3 orc warriors (D:9)
  12 wolves
  A centaur (D:6)
  5 ogres
  A kobold brigand (D:10)
  3 bullfrogs
  Blork the orc (D:4)
  2 gnoll sergeants (D:8)
  7 wights
  24 killer bees
  4 electric eels (D:8)
  5 howler monkeys
  13 orc priests
  A gnoll bouda (D:7)
  7 hounds
  2 iguanas (D:5)
  8 orc wizards
  10 adders
  9 gnolls
  A river rat (D:5)
  2 white imps
  An ufetubus (D:5)
  A worm zombie (D:5)
  A worm (D:3)
  4 dart slugs
  38 orcs
  4 ball pythons
  7 endoplasms
  3 giant cockroaches (D:1)
  7 goblins
  10 hobgoblins
  4 jackals (D:1)
  11 kobolds
  5 quokkas
  3 training dummies (D:12)
  A ball python skeleton (Ossuary)
  3 bats
  6 frilled lizards
  A hobgoblin skeleton (Ossuary)
  2 hobgoblin zombies (Ossuary)
  2 kobold zombies (Ossuary)
  2 orc skeletons (Ossuary)
  An orc zombie (Ossuary)
  8 rats
315 creatures vanquished.

Vanquished Creatures (collateral kills)
  An elephant (Lair:2)
  A komodo dragon (Lair:2)
  A rime drake (Lair:2)
  3 blink frogs (Lair:2)
  6 yaks (Lair:2)
  A wyvern (Lair:2)
  7 killer bees (Lair:2)
20 creatures vanquished.

Vanquished Creatures (others)
  Erolcha (D:13)
  2 hydras
  A boulder beetle (D:12)
  An ugly thing (D:12)
  An elephant (Lair:2)
  A cyclops (D:12)
  A gargoyle (D:11)
  2 cane toads (Lair:1)
  A komodo dragon (Lair:1)
  2 trolls (D:11)
  A polar bear (shapeshifter) (D:15)
  A shadow (D:12)
  A wyvern (D:9)
  2 orc warriors
  7 centaurs
  A scorpion (D:6)
  A killer bee (Lair:2)
  2 hounds
  A sleepcap (D:6)
  An orc wizard (D:12)
  A river rat (Lair:2)
  An orc (D:7)
  23 fulminant prisms
  14 fungi
  16 plants
  4 toadstools (D:1)
90 creatures vanquished.

Grand Total: 425 creatures vanquished

Notes
Turn   | Place    | Note
-------+----------+-------------------------------------------
     0 | D:1      | NinjaNoafa the Draconian Conjurer began the quest for the
                  | Orb.
     0 | D:1      | Reached XP level 1. HP: 14/14 MP: 3/3
   330 | D:1      | Reached XP level 2. HP: 15/20 MP: 5/5
   393 | D:1      | Learned a level 2 spell: Searing Ray
   664 | D:1      | Reached skill level 5 in Conjurations
   830 | D:1      | Reached XP level 3. HP: 26/26 MP: 3/6
  1330 | D:2      | Reached XP level 4. HP: 33/33 MP: 2/8
  1787 | D:3      | Found Wevoune's Antique Armour Shop.
  1828 | D:3      | Reached XP level 5. HP: 15/38 MP: 0/11
  2864 | D:4      | Noticed an ogre
  2871 | D:4      | Killed an ogre
  2872 | D:4      | Reached skill level 5 in Spellcasting
  2872 | D:4      | Reached XP level 6. HP: 45/45 MP: 2/13
  2890 | D:4      | Noticed a sky beast
  2912 | D:4      | Killed a sky beast
  2945 | D:4      | Noticed Blork the orc
  2964 | D:4      | Killed Blork the orc
  3108 | D:4      | Noticed Eustachio
  3147 | D:4      | Killed Eustachio
  3148 | D:4      | Your scales start taking on a rich purple colour.
  3148 | D:4      | Reached XP level 7. HP: 18/50 MP: 0/18
  3490 | D:5      | Entered Level 5 of the Dungeon
  3495 | D:5      | Found a snail-covered altar of Cheibriados.
  3513 | D:5      | Reached skill level 1 in Translocations
  3575 | D:5      | Learned a level 4 spell: Iskenderun's Mystic Blast
  3694 | D:5      | Found a sand-covered staircase.
  3710 | Ossuary  | Entered an ossuary
  3715 | Ossuary  | Learned a level 3 spell: Dazzling Flash
  3902 | Ossuary  | Noticed a flying skull
  3902 | Ossuary  | Noticed a wraith
  3911 | Ossuary  | Noticed a flying skull
  3941 | Ossuary  | Noticed a flying skull
  3959 | Ossuary  | Reached skill level 1 in Hexes
  3966 | Ossuary  | Noticed a flying skull
  3972 | Ossuary  | Noticed a wraith
  3984 | Ossuary  | Killed a wraith
  4100 | Ossuary  | Noticed a wraith
  4122 | Ossuary  | Killed a wraith
  4123 | Ossuary  | Reached XP level 8. HP: 44/57 MP: 3/20
  4302 | D:5      | Learned a level 3 spell: Summon Guardian Golem
  4307 | D:5      | Learned a level 4 spell: Fulminant Prism
  4554 | D:5      | Identified the +8 mace of Glory {flame, +Blink Dex+3}
  5081 | D:6      | Found a bloodstained altar of Trog.
  5131 | D:6      | Found a shimmering blue altar of Sif Muna.
  5138 | D:6      | Got Sif Muna's Tractate on Attendants
  5185 | D:6      | Reached skill level 5 in Hexes
  5221 | D:6      | Reached skill level 5 in Translocations
  5221 | D:6      | Reached XP level 9. HP: 35/62 MP: 13/21
  5298 | D:6      | Found a staircase to the Ecumenical Temple.
  5352 | Temple   | Entered the Ecumenical Temple
  5364 | Temple   | Became a worshipper of Vehumet
  5500 | D:6      | Noticed Prince Ribbit
  5526 | D:6      | Killed Prince Ribbit
  5545 | D:6      | Noticed Grinder
  5573 | D:6      | Killed Grinder
  5574 | D:6      | Reached skill level 1 in Summonings
  5920 | D:7      | Reached skill level 1 in Evocations
  6430 | D:8      | Reached * piety under Vehumet
  6430 | D:8      | Offered knowledge of Kiss of Death by Vehumet.
  6561 | D:8      | Reached XP level 10. HP: 37/69 MP: 15/23
  6710 | D:8      | Reached skill level 10 in Spellcasting
  6712 | D:8      | Found a staircase to the Lair.
  6746 | D:8      | Reached skill level 5 in Evocations
  7037 | D:9      | Reached skill level 1 in Fighting
  7209 | D:9      | Found a shadowy altar of Dithmenos.
  7259 | D:9      | Found a staircase to the Orcish Mines.
  7277 | D:9      | Reached ** piety under Vehumet
  7277 | D:9      | Offered knowledge of Poisonous Vapours by Vehumet.
  7476 | D:9      | Found a glowing silver altar of Zin.
  7477 | D:9      | Found Zin's Purification Station.
  7483 | D:9      | Bought a potion of curing for 90 gold pieces
  7523 | D:9      | Found a burning altar of Makhleb.
  7562 | D:10     | Entered Level 10 of the Dungeon
  8511 | D:11     | Found Xiweu's Antique Armour Boutique.
  8541 | D:11     | Offered knowledge of Stone Arrow by Vehumet.
  8653 | D:11     | Noticed a gargoyle
  8677 | D:11     | Killed a gargoyle
  8804 | D:11     | Reached XP level 11. HP: 70/84 MP: 22/25
  9433 | D:12     | Noticed a boulder beetle
  9474 | D:12     | Killed a boulder beetle
  9523 | D:12     | Found Nony's Firing Range.
  9541 | D:12     | Reached skill level 5 in Fighting
  9649 | D:12     | Reached *** piety under Vehumet
  9802 | D:12     | Noticed a white ugly thing
  9817 | D:12     | Killed a white ugly thing
 10153 | D:12     | Noticed a seven-headed hydra
 10162 | D:12     | Killed a seven-headed hydra
 10163 | D:12     | Reached skill level 5 in Dodging
 10291 | D:13     | Noticed Erolcha
 10316 | D:13     | Killed Erolcha
 10348 | D:13     | You fall into a shaft and drop 2 floors!
 10348 | D:15     | Entered Level 15 of the Dungeon
 10348 | D:15     | Found a radiant altar of Vehumet.
 10352 | D:15     | Noticed a six-headed hydra
 10364 | D:15     | Killed a six-headed hydra
 10408 | D:15     | Noticed Azrael
 10421 | D:14     | Noticed Nessos
 10421 | D:14     | Noticed a centaur warrior
 10421 | D:14     | Noticed an orc knight
 10421 | D:14     | Noticed a two-headed ogre
 10421 | D:14     | Found a gate to the Vaults.
 10491 | D:13     | Noticed Jorgrun
 10493 | D:13     | Noticed an eight-headed hydra
 10503 | D:13     | HP: 3/89 [Jorgrun/+0 heavy quarterstaff (26)]
 10509 | D:13     | Noticed Rupert
 10733 | D:12     | Learned a level 7 spell: Orb of Destruction
 10840 | Lair:1   | Entered Level 1 of the Lair of Beasts
 10840 | Lair:1   | Noticed Nergalle
 10844 | Lair:1   | Killed Nergalle
 10858 | Lair:1   | Noticed Gastronok
 10860 | Lair:1   | Reached skill level 10 in Conjurations
 10877 | Lair:1   | Killed Gastronok
 10878 | Lair:1   | Reached XP level 12. HP: 48/96 MP: 1/28
 11016 | Lair:1   | Offered knowledge of Mephitic Cloud by Vehumet.
 11462 | Lair:1   | Reached skill level 5 in Summonings
 11464 | Lair:1   | Noticed Joseph
 11481 | Lair:1   | Killed Joseph
 11508 | Lair:1   | Reached **** piety under Vehumet
 11854 | Lair:2   | Offered knowledge of Fireball by Vehumet.
 11873 | Lair:2   | Learned a level 7 spell: Spellforged Servitor
 12350 | Lair:2   | You fall into a shaft and drop 1 floor!
 12381 | Lair:2   | Reached ***** piety under Vehumet
 12381 | Lair:2   | Offered knowledge of Irradiate by Vehumet.
 12389 | Lair:2   | HP: 2/96 [cane toad (17)]
 12446 | Lair:2   | Reached XP level 13. HP: 8/102 MP: 23/29
 12447 | Lair:2   | HP: 2/102 [basilisk (6)]
 12448 | Lair:2   | Slain by a wyvern

Illustrated notes

Levels and vault maps discovered:
D:1:      ldierk_walled_garden_2, layout_basic, dreamdust_princess_bridge,
          st_stairs_3
D:2:      layout_loops_ring
D:3:      layout_loops_corners, serial_shops, shop
D:4:      layout_loops_cross, uniq_blork_the_orc, uniq_eustachio
D:5:      layout_basic, amcnicky_altar_gilded, enter_ossuary_3,
          gup_sewer_entry_spiral
D:6:      layout_rooms, nzn_overflow_gifts_of_might_and_magic,
          minmay_temple_entry_fiery, hangedman_abyss_or_decor_stagger,
          kennysheep_flooded_box, uniq_grinder, uniq_prince_ribbit1
D:7:      layout_rooms
D:8:      layout_basic, erik_lair_island
D:9:      layout_loops_ring, zin_purify, kennysheep_little_box,
          lemuel_doored_altar, minmay_orc_entry_temple_large
D:10:     layout_basic, nrook_pool_corridor
D:11:     layout_basic, serial_shops, nicolae_shop_crystal,
          hangedman_abyss_or_decor_lesser_grid, kennysheep_decorative_pillar
D:12:     layout_basic, nicolae_shop_firing_range
D:13:     layout_basic, uniq_erolcha, uniq_jorgrun, uniq_rupert
D:14:     layout_stronghold, david_vaults_3, nicolae_gozag_zags_fifth_avenue
D:15:     gammafunk_enter_depths_forms, layout_rooms, gauntlet_entry_generic,
          nicolae_vehumet_radiance, grunt_ministairs_7, uniq_azrael
Temple:   nicolae_temple_x_marks_the_god
Lair:1:   layout_loops_ring, infiniplex_staircase_pool_2, uniq_gastronok,
          uniq_nergalle, uniq_joseph
Lair:2:   regret_index_tunnel_blossom, layout_regular_city
Lair:3:   layout_chaotic_city, nicolae_shoals_entry_flooding, dummy_snake_entry,
          nicolae_volcano_entry_batcave, st_stairs_6, lemuel_fruit_tree,
          grunt_megastairs_4

Skill      XL: |  1  2  3  4  5  6  7  8  9 10 11 12 |
---------------+-------------------------------------+-----
Conjurations   | 5 6 7 8 10 12 | 12.9
Spellcasting   | 3 4 5 8 9 10 12 | 12.0
Translocations | 3 5 6 |  6.0
Hexes          | 2 5 6 |  6.0
Summonings     | 4 7 |  7.8
Evocations     | 4 6 |  6.0
Dodging        | 4 6 |  6.0
Fighting       | 4 6 |  6.0
Stealth        | |  1.7

Action                     |  1- 3 |  4- 6 |  7- 9 | 10-12 | 13-15 || total
---------------------------+-------+-------+-------+-------+-------++-------
  Melee: Unarmed           |     8 |       |       |       |       ||     8
         Mace              |     3 |       |     8 |    30 |       ||    41
         Short sword       |    25 |    28 |    31 |       |       ||    84
         Tailslap          |     1 |     4 |     6 |     3 |       ||    14
  Throw: Dart              |       |     4 |       |     2 |       ||     6
   Cast: Magic Dart        |    56 |    15 |     3 |       |       ||    74
         Searing Ray       |     6 |    30 |    43 |    46 |       ||   125
         Iskenderun's Myst |       |       |    20 |   108 |       ||   128
         Summon Guardian G |       |       |    11 |    27 |       ||    38
         Dazzling Flash    |       |       |     4 |     6 |       ||    10
         Fulminant Prism   |       |       |     7 |    16 |       ||    23
         Orb of Destructio |       |       |       |    14 |       ||    14
         Spellforged Servi |       |       |       |     6 |       ||     6
Ability: Breathe Dispellin |       |       |    15 |    22 |       ||    37
         Evoke Blink       |       |       |       |     5 |       ||     5
  Evoke: Wand              |       |     1 |       |     3 |       ||     4
    Use: Scroll            |       |     7 |     6 |    13 |       ||    26
         Potion            |       |     1 |       |     3 |       ||     4
   Stab: Sleeping          |       |       |     1 |       |       ||     1
         Invisible         |       |       |       |     1 |       ||     1
 Armour: Skin              |    16 |    51 |    36 |    63 |     3 ||   169
  Dodge: Dodged            |    38 |    46 |   131 |   261 |       ||   476

Table legend: (Time is in decaauts)
 A = Elapsed time spent in this place.
 B = Non-inter-level travel time spent in this place.
 C = Inter-level travel time spent in this place.
 D = Time resting spent in this place.
 E = Time spent auto-exploring this place.
 F = Levels seen in this place.
 G = Mean time per level.
                   A        B        C        D        E       F      G
               +--------+--------+--------+--------+--------+-----+--------+
         Total |  12520 |  11799 |    721 |   1471 |   7171 |  20 |  626.0 |
       Dungeon |  10471 |   9816 |    655 |   1014 |   6380 |  15 |  698.1 |
        Temple |     62 |     54 |      8 |      0 |     40 |   1 |   62.0 |
          Lair |   1463 |   1406 |     57 |    234 |    621 |   3 |  487.7 |
       Ossuary |    522 |    522 |      0 |    223 |    130 |   1 |  522.0 |
               +--------+--------+--------+--------+--------+-----+--------+

Top non-repeatable levels by time:
    D:12: 1165 daAuts
     D:5: 1036 daAuts
     D:9: 988 daAuts
     D:1: 982 daAuts
  Lair:1: 980 daAuts
    D:11: 916 daAuts
     D:3: 868 daAuts
     D:4: 829 daAuts
     D:2: 814 daAuts
    D:10: 742 daAuts
     D:6: 708 daAuts
     D:8: 616 daAuts
     D:7: 582 daAuts
 Ossuary: 522 daAuts
  Lair:2: 459 daAuts
